Atomiques vs Inferno
Created - November 22, 2020 at 22:38
Goals
|
| Atomiques |
0 |
2 |
0 |
0 |
1 |
2 |
| Inferno |
1 |
1 |
0 |
0 |
2 |
3 |
|
Shots
|
| Atomiques |
11 |
11 |
9 |
0 |
3 |
31 |
| Inferno |
13 |
12 |
11 |
1 |
2 |
37 |
|
1st period
1. Inferno , Philip Varone 11 (Bryan Rust 9) at 3:02 (SH)
Penalties :
Chris Brown (Anc) for Holding (Minor) at 2:52, Greg Pateryn (Anc) for Hooking (Minor) at 8:22
2nd period
2. Atomiques , Michael Chaput 8 (Cody Goloubef 9, Denis Gurianov 5) at 0:44 (PP)
3. Inferno , Peter Cehlarik 4 (Esa Lindell 13, Barclay Goodrow 3) at 8:40
4. Atomiques , Michael Chaput 9 (Denis Gurianov 6, Wiley Sherman 12) at 19:57
Penalties :
Philip Varone (Anc) for Roughing (Minor) at 0:17, Brock McGinn (STB) for Tripping (Minor) at 6:28, Wiley Sherman (STB) for Tripping (Minor) at 10:04, Philip Varone (Anc) for Hooking (Minor) at 12:39
3rd period
No Goal
Penalties :
Cody Goloubef (STB) for Elbowing (Minor) at 0:42, Brock McGinn (STB) for Tripping (Minor) at 3:24
Overtime #1
No Goal
Penalties :
No Penalty
Shootout
Atomiques, Brock McGinn - Goal!
Inferno, Tanner Pearson - Goal!
Atomiques, Oscar Sundqvist - Stopped by Michael Hutchinson
Inferno, Jake DeBrusk - Goal!
Atomiques, Michael Chaput - Shot Misses the Net
Penalties :
No Penalty
Goalie Stats
Alex Nedeljkovic (STB), 35 saves from 37 shots - (0.946), OTL, 7-6-1, 65:00 minutes
Michael Hutchinson (Anc), 29 saves from 31 shots - (0.935), W, 8-2-3, 65:00 minutes
Players Stats for Atomiques
Player Name G A P +/- PIM S H SB GA TA FO MP PP MP PK MP
------------------------------------------------------------------------------------
Brendan Guhle 0 0 0 -1 0 2 1 2 0 0 0/0 19:51 0:43 3:31
Brendan Perlini 0 0 0 0 0 1 2 0 1 0 0/0 13:59 0:23 0:18
Brock McGinn 0 0 0 -2 4 4 2 2 0 0 2/2 23:34 3:01 2:19
Chase De Leo 0 0 0 0 0 0 0 0 0 0 3/5 8:03 0:00 0:00
Christian Fischer 0 0 0 -1 0 0 1 0 0 0 1/1 18:42 3:15 0:00
Cody Goloubef 0 1 1 0 2 3 2 1 1 1 0/0 27:48 3:39 3:13
Denis Gurianov 0 2 2 1 0 1 0 0 0 0 0/0 13:21 3:00 0:00
Dylan Strome 0 0 0 0 0 4 1 0 0 1 2/4 13:19 0:00 0:29
Jeremy Lauzon 0 0 0 0 0 0 0 0 0 0 0/0 6:41 1:27 0:00
Kerby Rychel 0 0 0 0 0 1 3 1 1 0 0/0 13:14 0:00 2:36
Kevin Fiala 0 0 0 0 0 1 1 0 0 0 0/1 11:13 0:09 0:00
Matt Tennyson 0 0 0 -1 0 2 1 3 1 1 0/0 24:00 2:45 3:31
Michael Chaput 2 0 2 0 0 4 2 0 0 1 7/14 19:20 3:00 3:06
Nicolas Aube-Kubel 0 0 0 0 0 1 1 1 0 0 0/0 8:23 0:03 0:00
Oliver Kylington 0 0 0 0 0 1 2 3 1 4 0/0 19:14 0:35 2:24
Oscar Sundqvist 0 0 0 -1 0 3 1 0 3 1 13/30 23:34 3:21 4:21
Wiley Sherman 0 1 1 0 2 2 0 2 0 1 0/0 29:16 3:39 3:13
William Nylander 0 0 0 0 0 1 1 1 0 0 0/0 18:20 3:00 2:43
Players Stats for Inferno
Player Name G A P +/- PIM S H SB GA TA FO MP PP MP PK MP
------------------------------------------------------------------------------------
Barclay Goodrow 0 1 1 1 0 1 0 0 0 0 0/0 8:56 0:00 0:00
Bryan Rust 0 1 1 0 0 4 3 1 1 0 4/4 19:14 0:12 3:47
Chris Brown 0 0 0 1 2 2 1 0 0 0 1/3 10:12 0:00 1:08
David Savard 0 0 0 0 0 1 2 3 2 1 0/0 28:21 4:29 4:02
Esa Lindell 0 1 1 0 0 1 0 0 0 1 0/0 28:01 4:29 4:02
Evgeny Svechnikov 0 0 0 0 0 3 1 0 2 0 0/1 15:44 3:30 0:00
Frank Corrado 0 0 0 1 0 1 1 4 0 0 0/0 13:12 0:00 0:14
Greg Pateryn 0 0 0 0 2 0 0 0 0 0 0/0 22:45 3:27 1:23
Jake DeBrusk 0 0 0 0 0 1 3 0 0 0 0/0 17:16 3:30 0:53
Kevin Labanc 0 0 0 0 0 2 2 0 1 1 0/0 15:22 4:14 0:00
Mathieu Brodeur 0 0 0 0 0 2 0 0 0 1 0/0 23:27 3:27 2:08
Matthew Nieto 0 0 0 0 0 2 3 0 1 0 0/0 15:02 0:12 1:44
Peter Cehlarik 1 0 1 1 0 1 1 1 1 0 0/0 9:01 0:12 0:00
Philip Varone 1 0 1 0 4 4 1 0 0 2 13/25 18:00 0:00 2:10
Rasmus Andersson 0 0 0 1 0 1 1 0 0 0 0/0 14:17 0:00 0:59
Ryan Spooner 0 0 0 0 0 4 1 1 0 0 4/8 17:22 3:30 2:45
Tanner Pearson 0 0 0 -1 0 4 1 1 1 1 2/4 20:31 4:14 0:00
Victor Rask 0 0 0 0 0 3 0 0 1 1 5/12 16:49 4:14 0:21
3 Stars
1 - Michael Chaput (STB)
2 - Alex Nedeljkovic (STB)
3 - Peter Cehlarik (Anc)
Power Play
Atomiques - 1 on 4 Attempt(s) - 25.00%
Inferno - 0 on 4 Attempt(s) - 0.00%
Penalty Kill
Atomiques - 4 on 4 Attempt(s) - 100.00%
- Score 0 goal in Penalty Kill
Inferno - 3 on 4 Attempt(s) - 75.00%
- Score 1 goal in Penalty Kill
Team Stat
Atomiques - Hits : 21 - Faceoff Wins : 28 - Blocked Shots : 16 - Penalty Minutes : 8
Inferno - Hits : 21 - Faceoff Wins : 29 - Blocked Shots : 11 - Penalty Minutes : 8
Official
Referees : Unknown
Linesman : Unknown
Game Notes
Jeremy Lauzon is injured at 18:39 of 1st period (Left Foot)
Finance
Level 1 -- Attendance: 1253 (62.65%) -- Ticket Income $50,120
Level 2 -- Attendance: 649 (64.90%) -- Ticket Income $12,980
Total Attendance: 1902 (63.40%)
Total Ticket Income: $63,100
Other Income: $3,155
Total Income: $66,255
Atomiques
5 vs 5 Forward
Center Left Wing Right Wing Time % Phy DF OF
1 Oscar Sundqvist Brock McGinn Christian Fischer 40 1 2 2
2 Michael Chaput William Nylander Denis Gurianov 25 1 2 2
3 Dylan Strome Brendan Perlini Kevin Fiala 25 1 2 2
4 Chase De Leo Kerby Rychel Nicolas Aube-Kubel 10 1 2 2
5 vs 5 Defense
Defense Defense Time % Phy DF OF
1 Wiley Sherman Cody Goloubef 40 1 2 2
2 Matt Tennyson Jeremy Lauzon 30 1 2 2
3 Brendan Guhle Oliver Kylington 20 1 2 2
4 Wiley Sherman Cody Goloubef 10 1 2 2
PowerPlay Forward
Center Left Wing Right Wing Time % Phy DF OF
1 Oscar Sundqvist Brock McGinn Christian Fischer 60 1 2 2
2 Michael Chaput William Nylander Denis Gurianov 40 1 2 2
PowerPlay Defense
Defense Defense Time % Phy DF OF
1 Wiley Sherman Cody Goloubef 60 1 2 2
2 Matt Tennyson Jeremy Lauzon 40 1 2 2
Penalty Kill 4 Players Forward
Center Wing Time % Phy DF OF
1 Oscar Sundqvist Brock McGinn 60 1 2 2
2 Michael Chaput William Nylander 40 1 2 2
Penalty Kill 4 Players Defense
Defense Defense Time % Phy DF OF
1 Wiley Sherman Cody Goloubef 60 1 2 2
2 Matt Tennyson Brendan Guhle 40 1 2 2
Penalty Kill - 3 Players Forward
Forward Time % Phy DF OF
1 Oscar Sundqvist 60 1 2 2
2 Michael Chaput 40 1 2 2
Penalty Kill - 3 Players Defense
Defense Defense Time % Phy DF OF
1 Matt Tennyson Cody Goloubef 60 1 2 2
2 Wiley Sherman Brendan Guhle 40 1 2 2
4 vs 4 Forward
Center Wing Time % Phy DF OF
1 Oscar Sundqvist Brock McGinn 60 1 2 2
2 Michael Chaput William Nylander 40 1 2 2
4 vs 4 Defense
Defense Defense Time % Phy DF OF
1 Wiley Sherman Cody Goloubef 60 1 2 2
2 Matt Tennyson Jeremy Lauzon 40 1 2 2
Last Minutes Offensive
Center Left Wing Right Wing Defense Defense
Oscar Sundqvist Brock McGinn Christian Fischer Wiley Sherman Cody Goloubef
Last Minutes Defensive
Center Left Wing Right Wing Defense Defense
Michael Chaput Brock McGinn Christian Fischer Matt Tennyson Cody Goloubef
Goaltenders
Starting : Alex Nedeljkovic
Backup : Kaapo Kahkonen
Extra Forwards
Normal : William Nylander, Brendan Perlini, Brock McGinn - PP : Brendan Perlini, Kevin Fiala - PK : Brock McGinn
Extra Defensemen
Normal : Brendan Guhle, Oliver Kylington, Wiley Sherman - PP : Brendan Guhle - PK : Oliver Kylington, Wiley Sherman
Penalty Shots
Brock McGinn, Oscar Sundqvist, Michael Chaput, William Nylander, Kerby Rychel
Scratches
Sean Walker (Healthy), Max McCormick (Healthy), Dalton Smith (Healthy), Axel Holmstrom (Healthy), Keegan Iverson (Healthy)
Inferno
5 vs 5 Forward
Center Left Wing Right Wing Time % Phy DF OF
1 Philip Varone Tanner Pearson Bryan Rust 40 1 2 2
2 Victor Rask Matthew Nieto Kevin Labanc 30 1 2 2
3 Ryan Spooner Jake DeBrusk Evgeny Svechnikov 20 1 2 2
4 Chris Brown Peter Cehlarik Barclay Goodrow 10 1 2 2
5 vs 5 Defense
Defense Defense Time % Phy DF OF
1 David Savard Esa Lindell 40 1 2 2
2 Mathieu Brodeur Greg Pateryn 30 1 2 2
3 Frank Corrado Rasmus Andersson 20 1 2 2
4 Mathieu Brodeur Greg Pateryn 10 1 2 2
PowerPlay Forward
Center Left Wing Right Wing Time % Phy DF OF
1 Victor Rask Tanner Pearson Kevin Labanc 60 1 2 2
2 Ryan Spooner Jake DeBrusk Evgeny Svechnikov 40 1 2 2
PowerPlay Defense
Defense Defense Time % Phy DF OF
1 David Savard Esa Lindell 60 1 2 2
2 Mathieu Brodeur Greg Pateryn 40 1 2 2
Penalty Kill 4 Players Forward
Center Wing Time % Phy DF OF
1 Philip Varone Bryan Rust 60 1 2 2
2 Ryan Spooner Matthew Nieto 40 1 2 2
Penalty Kill 4 Players Defense
Defense Defense Time % Phy DF OF
1 David Savard Esa Lindell 60 1 2 2
2 Mathieu Brodeur Greg Pateryn 40 1 2 2
Penalty Kill - 3 Players Forward
Forward Time % Phy DF OF
1 Philip Varone 60 1 2 2
2 Bryan Rust 40 1 2 2
Penalty Kill - 3 Players Defense
Defense Defense Time % Phy DF OF
1 David Savard Esa Lindell 60 1 2 2
2 Mathieu Brodeur Greg Pateryn 40 1 2 2
4 vs 4 Forward
Center Wing Time % Phy DF OF
1 Philip Varone Tanner Pearson 60 1 2 2
2 Victor Rask Bryan Rust 40 1 2 2
4 vs 4 Defense
Defense Defense Time % Phy DF OF
1 David Savard Esa Lindell 60 1 2 2
2 Mathieu Brodeur Greg Pateryn 40 1 2 2
Last Minutes Offensive
Center Left Wing Right Wing Defense Defense
Philip Varone Tanner Pearson Bryan Rust David Savard Esa Lindell
Last Minutes Defensive
Center Left Wing Right Wing Defense Defense
Philip Varone Tanner Pearson Bryan Rust David Savard Esa Lindell
Goaltenders
Starting : Michael Hutchinson
Backup : Antti Raanta
Extra Forwards
Normal : Jake DeBrusk, Matthew Nieto, Evgeny Svechnikov - PP : Evgeny Svechnikov, Matthew Nieto - PK : Ryan Spooner
Extra Defensemen
Normal : Mathieu Brodeur, Greg Pateryn, Rasmus Andersson - PP : Greg Pateryn - PK : Mathieu Brodeur, Greg Pateryn
Penalty Shots
Tanner Pearson, Jake DeBrusk, Evgeny Svechnikov, Kevin Labanc, Victor Rask
Scratches
Tyler Shattock (Healthy), Christian Jaros (Healthy), Trevor Carrick (Healthy), Petteri Lindbohm (Healthy), Alexander True (Healthy)
Eric Karlsson (Healthy), John Gilmour (Healthy), Vladimir Sobotka (Head Injury), Ryan Donato (Healthy), Vladislav Kamenev (Healthy)
Dominik Masin (Healthy), Brandon Hickey (Healthy), Nathan Lieuwen (Healthy), Vitek Vanecek (Healthy)
% Time on Ice - Atomiques
Lines # - Real PCT - Wanted PCT - Time Play
Normal Forward
1 - 36% - 40% - 16:39
2 - 23% - 25% - 10:40
3 - 22% - 25% - 10:15
4 - 18% - 10% - 8:06
Normal Defense
1 - 32% - 40% - 14:44
2 - 46% - 30% - 20:52
3 - 18% - 20% - 8:23
4 - 4% - 10% - 1:41
PP Forward
1 - 53% - 60% - 3:24
2 - 47% - 40% - 3:00
PP Defense
1 - 57% - 60% - 3:39
2 - 43% - 40% - 2:45
PK Forward
1 - 86% - 60% - 6:47
2 - 14% - 40% - 1:09
PK Defense
1 - 58% - 60% - 4:37
2 - 42% - 40% - 3:19
PK3 Forward
1 - 0% - 60%
2 - 0% - 40%
PK3 Defense
1 - 0% - 60%
2 - 0% - 40%
44 Forward
1 - 85% - 60% - 4:15
2 - 15% - 40% - 0:45
44 Defense
1 - 46% - 60% - 2:17
2 - 54% - 40% - 2:43
Last Minute Offensive - 0:00
Last Minute Defensive - 0:00
Total
Forward - 65:00
Defense - 65:00
|
% Time on Ice - Inferno
Lines # - Real PCT - Wanted PCT - Time Play
Normal Forward
1 - 32% - 40% - 14:50
2 - 26% - 30% - 11:41
3 - 23% - 20% - 10:27
4 - 19% - 10% - 8:42
Normal Defense
1 - 39% - 40% - 17:41
2 - 30% - 30% - 13:49
3 - 27% - 20% - 12:08
4 - 4% - 10% - 2:02
PP Forward
1 - 56% - 60% - 4:26
2 - 44% - 40% - 3:30
PP Defense
1 - 57% - 60% - 4:29
2 - 43% - 40% - 3:27
PK Forward
1 - 77% - 60% - 4:54
2 - 23% - 40% - 1:30
PK Defense
1 - 67% - 60% - 4:16
2 - 33% - 40% - 2:08
PK3 Forward
1 - 0% - 60%
2 - 0% - 40%
PK3 Defense
1 - 0% - 60%
2 - 0% - 40%
44 Forward
1 - 78% - 60% - 3:55
2 - 22% - 40% - 1:05
44 Defense
1 - 47% - 60% - 2:22
2 - 53% - 40% - 2:38
Last Minute Offensive - 0:00
Last Minute Defensive - 0:00
Total
Forward - 65:00
Defense - 65:00
|
Play-by-Play
1st period
0:01 of 1st period - Philip Varone wins face-off versus Oscar Sundqvist in neutral zone.
0:25 of 1st period - Victor Rask is hit by Michael Chaput.
0:33 of 1st period - Snap shot by William Nylander.
0:33 of 1st period - Stopped by Michael Hutchinson with a rebound.
0:47 of 1st period - Snap shot by Brendan Perlini.
0:47 of 1st period - Shot Misses the Net.
0:49 of 1st period - Slapshot by Brendan Guhle.
0:49 of 1st period - Stopped by Michael Hutchinson without a rebound.
0:50 of 1st period - Chase De Leo wins face-off versus Ryan Spooner in Inferno zone.
0:59 of 1st period - Snap shot by Nicolas Aube-Kubel.
0:59 of 1st period - Shot Misses the Net.
1:05 of 1st period - Snap shot by Ryan Spooner.
1:05 of 1st period - Shot Blocked by Brendan Guhle.
1:07 of 1st period - Slapshot by Mathieu Brodeur.
1:07 of 1st period - Stopped by Alex Nedeljkovic with a rebound.
1:09 of 1st period - Snap shot by Jake DeBrusk.
1:09 of 1st period - Stopped by Alex Nedeljkovic with a rebound.
1:11 of 1st period - Slapshot by Mathieu Brodeur.
1:11 of 1st period - Deflect By Evgeny Svechnikov.
1:11 of 1st period - Stopped by Alex Nedeljkovic with a rebound.
1:13 of 1st period - Slapshot by Mathieu Brodeur.
1:13 of 1st period - Stopped by Alex Nedeljkovic with a rebound.
1:46 of 1st period - Off-side.
1:47 of 1st period - Bryan Rust wins face-off versus Oscar Sundqvist in neutral zone.
2:14 of 1st period - Michael Chaput is hit by Matthew Nieto.
2:18 of 1st period - Mathieu Brodeur is hit by William Nylander and loses puck.
2:39 of 1st period - Barclay Goodrow is hit by Dylan Strome and loses puck.
2:52 of 1st period - Minor Penalty to Chris Brown for Holding.
2:53 of 1st period - Philip Varone wins face-off versus Oscar Sundqvist in Inferno zone.
2:58 of 1st period - Slapshot by Bryan Rust.
2:58 of 1st period - Stopped by Alex Nedeljkovic without a rebound.
2:59 of 1st period - Philip Varone wins face-off versus Oscar Sundqvist in Atomiques zone.
3:02 of 1st period - Slapshot by Philip Varone.
3:02 of 1st period - Goal by Philip Varone - Atomiques : 0 - Inferno : 1.
3:03 of 1st period - Oscar Sundqvist wins face-off versus Philip Varone in neutral zone.
3:14 of 1st period - Slapshot by Cody Goloubef.
3:14 of 1st period - Shot Misses the Net.
3:16 of 1st period - Snap shot by Wiley Sherman.
3:16 of 1st period - Shot Misses the Net.
3:18 of 1st period - Wrist shot by Oscar Sundqvist.
3:18 of 1st period - Deflect By David Savard.
3:18 of 1st period - Stopped by Michael Hutchinson without a rebound.
3:19 of 1st period - Philip Varone wins face-off versus Michael Chaput in Inferno zone.
3:54 of 1st period - Snap shot by Brock McGinn.
3:54 of 1st period - Shot Misses the Net.
4:52 of 1st period - Penalty to Chris Brown is over, Chris Brown is back on ice.
6:11 of 1st period - Slapshot by David Savard.
6:11 of 1st period - Stopped by Alex Nedeljkovic without a rebound.
6:12 of 1st period - Michael Chaput wins face-off versus Chris Brown in Atomiques zone.
6:17 of 1st period - Slapshot by William Nylander.
6:17 of 1st period - Shot Blocked by Peter Cehlarik.
6:43 of 1st period - Slapshot by Cody Goloubef.
6:43 of 1st period - Stopped by Michael Hutchinson without a rebound.
6:44 of 1st period - Oscar Sundqvist wins face-off versus Tanner Pearson in Inferno zone.
6:53 of 1st period - Snap shot by Oscar Sundqvist.
6:53 of 1st period - Stopped by Michael Hutchinson with a rebound.
7:11 of 1st period - Victor Rask is hit by Brendan Perlini and loses puck.
7:18 of 1st period - Slapshot by Esa Lindell.
7:18 of 1st period - Shot Blocked by Matt Tennyson.
8:13 of 1st period - Slapshot by Cody Goloubef.
8:13 of 1st period - Stopped by Michael Hutchinson without a rebound.
8:14 of 1st period - Dylan Strome wins face-off versus Chris Brown in Inferno zone.
8:19 of 1st period - Snap shot by Kevin Fiala.
8:19 of 1st period - Stopped by Michael Hutchinson without a rebound.
8:20 of 1st period - Bryan Rust wins face-off versus Oscar Sundqvist in Inferno zone.
8:22 of 1st period - Minor Penalty to Greg Pateryn for Hooking.
8:23 of 1st period - Oscar Sundqvist wins face-off versus Philip Varone in Inferno zone.
10:09 of 1st period - Cody Goloubef is hit by Matthew Nieto and loses puck.
10:22 of 1st period - Penalty to Greg Pateryn is over, Greg Pateryn is back on ice.
10:43 of 1st period - Rasmus Andersson is hit by Kerby Rychel and loses puck.
11:12 of 1st period - Off-side.
11:13 of 1st period - Chase De Leo wins face-off versus Philip Varone in neutral zone.
11:16 of 1st period - Bryan Rust is hit by Oliver Kylington and loses puck.
12:47 of 1st period - Slapshot by Cody Goloubef.
12:47 of 1st period - Shot Blocked by Frank Corrado.
12:49 of 1st period - Snap shot by Nicolas Aube-Kubel.
12:49 of 1st period - Stopped by Michael Hutchinson with a rebound.
12:51 of 1st period - Backhand shot by Matt Tennyson.
12:51 of 1st period - Stopped by Michael Hutchinson with a rebound.
12:53 of 1st period - Slapshot by Jeremy Lauzon.
12:53 of 1st period - Shot Misses the Net.
12:55 of 1st period - Snap shot by Nicolas Aube-Kubel.
12:55 of 1st period - Deflect By Frank Corrado.
12:55 of 1st period - Shot Misses the Net.
12:55 of 1st period - Puck is out of play.
12:56 of 1st period - Philip Varone wins face-off versus Michael Chaput in Inferno zone.
13:13 of 1st period - Slapshot by Tanner Pearson.
13:13 of 1st period - Shot Blocked by William Nylander.
13:28 of 1st period - Slapshot by Ryan Spooner.
13:28 of 1st period - Stopped by Alex Nedeljkovic with a rebound.
14:39 of 1st period - Michael Chaput is hit by David Savard and loses puck.
15:04 of 1st period - Kevin Fiala is hit by Matthew Nieto.
15:49 of 1st period - Barclay Goodrow is hit by Christian Fischer.
16:24 of 1st period - Snap shot by Kevin Fiala.
16:24 of 1st period - Shot Blocked by Frank Corrado.
16:26 of 1st period - Snap shot by Dylan Strome.
16:26 of 1st period - Stopped by Michael Hutchinson with a rebound.
16:30 of 1st period - Slapshot by Cody Goloubef.
16:30 of 1st period - Shot Misses the Net.
16:32 of 1st period - Snap shot by Brendan Perlini.
16:32 of 1st period - Stopped by Michael Hutchinson without a rebound.
16:33 of 1st period - Philip Varone wins face-off versus Oscar Sundqvist in Inferno zone.
16:42 of 1st period - Wrist shot by Philip Varone.
16:42 of 1st period - Shot Misses the Net.
16:44 of 1st period - Slapshot by Mathieu Brodeur.
16:44 of 1st period - Shot Blocked by Brock McGinn.
17:09 of 1st period - Off-side.
17:10 of 1st period - Victor Rask wins face-off versus Kevin Fiala in neutral zone.
17:15 of 1st period - Snap shot by Kevin Labanc.
17:15 of 1st period - Deflect By Matthew Nieto.
17:15 of 1st period - Shot Misses the Net.
17:15 of 1st period - Puck is out of play.
17:16 of 1st period - Christian Fischer wins face-off versus Victor Rask in Atomiques zone.
17:31 of 1st period - Snap shot by Oscar Sundqvist.
17:31 of 1st period - Shot Blocked by David Savard.
17:55 of 1st period - Backhand shot by Philip Varone.
17:55 of 1st period - Stopped by Alex Nedeljkovic without a rebound.
17:56 of 1st period - Ryan Spooner wins face-off versus Dylan Strome in Atomiques zone.
18:01 of 1st period - Backhand shot by Jake DeBrusk.
18:01 of 1st period - Deflect By Evgeny Svechnikov.
18:01 of 1st period - Shot Misses the Net.
18:01 of 1st period - Puck is out of play.
18:02 of 1st period - Dylan Strome wins face-off versus Evgeny Svechnikov in Atomiques zone.
18:25 of 1st period - Matt Tennyson is hit by Tanner Pearson and loses puck.
18:38 of 1st period - Jeremy Lauzon is hit by Bryan Rust and loses puck.
18:39 of 1st period - Jeremy Lauzon from Atomiques is injured at 18:39 of 1st period (Left Foot).
18:40 of 1st period - Tanner Pearson wins face-off versus Oscar Sundqvist in Atomiques zone.
18:51 of 1st period - Wrist shot by Philip Varone.
18:51 of 1st period - Stopped by Alex Nedeljkovic with a rebound.
18:53 of 1st period - Slapshot by Tanner Pearson.
18:53 of 1st period - Stopped by Alex Nedeljkovic without a rebound.
18:54 of 1st period - Philip Varone wins face-off versus Oscar Sundqvist in Atomiques zone.
18:55 of 1st period - Wrist shot by Bryan Rust.
18:55 of 1st period - Stopped by Alex Nedeljkovic with a rebound.
18:57 of 1st period - Snap shot by Bryan Rust.
18:57 of 1st period - Stopped by Alex Nedeljkovic with a rebound.
18:59 of 1st period - Snap shot by Tanner Pearson.
18:59 of 1st period - Shot Blocked by Wiley Sherman.
19:41 of 1st period - Icing by Christian Fischer.
19:42 of 1st period - Oscar Sundqvist wins face-off versus Victor Rask in Atomiques zone.
19:42 of 1st period - Oscar Sundqvist is hit by Kevin Labanc.
19:52 of 1st period - Wrist shot by Victor Rask.
19:52 of 1st period - Shot Blocked by Matt Tennyson.
19:54 of 1st period - Snap shot by Greg Pateryn.
19:54 of 1st period - Shot Misses the Net.
19:56 of 1st period - Slapshot by Matthew Nieto.
19:56 of 1st period - Deflect By Victor Rask.
19:56 of 1st period - Shot Misses the Net.
19:56 of 1st period - Puck is out of play.
19:57 of 1st period - Michael Chaput wins face-off versus Philip Varone in Atomiques zone.
Goals for this period are 0 for Atomiques vs 1 for Inferno.
Shots for this period are 11 for Atomiques vs 13 for Inferno.
2nd period
0:01 of 2nd period - Philip Varone wins face-off versus Oscar Sundqvist in neutral zone.
0:12 of 2nd period - Snap shot by Oscar Sundqvist.
0:12 of 2nd period - Stopped by Michael Hutchinson with a rebound.
0:17 of 2nd period - Minor Penalty to Philip Varone for Roughing.
0:18 of 2nd period - Ryan Spooner wins face-off versus Oscar Sundqvist in Inferno zone.
0:26 of 2nd period - Snap shot by Bryan Rust.
0:26 of 2nd period - Deflect By Ryan Spooner.
0:26 of 2nd period - Stopped by Alex Nedeljkovic with a rebound.
0:34 of 2nd period - Wrist shot by Ryan Spooner.
0:34 of 2nd period - Stopped by Alex Nedeljkovic without a rebound.
0:35 of 2nd period - Ryan Spooner wins face-off versus Michael Chaput in Atomiques zone.
0:42 of 2nd period - Snap shot by Cody Goloubef.
0:42 of 2nd period - Shot Blocked by Ryan Spooner.
0:44 of 2nd period - Wrist shot by Michael Chaput.
0:44 of 2nd period - Goal by Michael Chaput - Atomiques : 1 - Inferno : 1.
0:45 of 2nd period - Oscar Sundqvist wins face-off versus Philip Varone in neutral zone.
1:00 of 2nd period - Wrist shot by Brock McGinn.
1:00 of 2nd period - Stopped by Michael Hutchinson without a rebound.
1:01 of 2nd period - Victor Rask wins face-off versus Michael Chaput in Inferno zone.
1:08 of 2nd period - Snap shot by Matthew Nieto.
1:08 of 2nd period - Shot Blocked by Cody Goloubef.
1:35 of 2nd period - Wiley Sherman is hit by Philip Varone and loses puck.
3:02 of 2nd period - Philip Varone is hit by Kerby Rychel and loses puck.
3:07 of 2nd period - Wrist shot by Nicolas Aube-Kubel.
3:07 of 2nd period - Shot Misses the Net.
3:55 of 2nd period - Snap shot by Victor Rask.
3:55 of 2nd period - Stopped by Alex Nedeljkovic without a rebound.
3:56 of 2nd period - Chris Brown wins face-off versus Oscar Sundqvist in Atomiques zone.
4:01 of 2nd period - Snap shot by Peter Cehlarik.
4:01 of 2nd period - Shot Hit the Post.
4:03 of 2nd period - Slapshot by Peter Cehlarik.
4:03 of 2nd period - Shot Misses the Net.
4:05 of 2nd period - Snap shot by Mathieu Brodeur.
4:05 of 2nd period - Deflect By Chris Brown.
4:05 of 2nd period - Stopped by Alex Nedeljkovic with a rebound.
5:13 of 2nd period - Ryan Spooner is hit by Nicolas Aube-Kubel and loses puck.
5:31 of 2nd period - Philip Varone is hit by Brock McGinn and loses puck.
5:36 of 2nd period - Wrist shot by Brock McGinn.
5:36 of 2nd period - Shot Misses the Net.
6:14 of 2nd period - Snap shot by Brendan Perlini.
6:14 of 2nd period - Shot Misses the Net.
6:28 of 2nd period - Minor Penalty to Brock McGinn for Tripping.
6:29 of 2nd period - Victor Rask wins face-off versus Oscar Sundqvist in Atomiques zone.
6:30 of 2nd period - Slapshot by Kevin Labanc.
6:30 of 2nd period - Deflect By Victor Rask.
6:30 of 2nd period - Stopped by Alex Nedeljkovic without a rebound.
6:31 of 2nd period - Oscar Sundqvist wins face-off versus Victor Rask in Atomiques zone.
7:02 of 2nd period - Slapshot by David Savard.
7:02 of 2nd period - Shot Misses the Net.
8:03 of 2nd period - Icing by Kevin Labanc.
8:04 of 2nd period - Michael Chaput wins face-off versus Tanner Pearson in Inferno zone.
8:28 of 2nd period - Penalty to Brock McGinn is over, Brock McGinn is back on ice.
8:40 of 2nd period - Wrist shot by Peter Cehlarik.
8:40 of 2nd period - Goal by Peter Cehlarik - Atomiques : 1 - Inferno : 2.
8:41 of 2nd period - Oscar Sundqvist wins face-off versus Philip Varone in neutral zone.
8:52 of 2nd period - Snap shot by Brock McGinn.
8:52 of 2nd period - Stopped by Michael Hutchinson without a rebound.
8:53 of 2nd period - Philip Varone wins face-off versus Oscar Sundqvist in Inferno zone.
9:42 of 2nd period - Dylan Strome is hit by Ryan Spooner.
9:48 of 2nd period - Snap shot by Ryan Spooner.
9:48 of 2nd period - Deflect By Evgeny Svechnikov.
9:48 of 2nd period - Stopped by Alex Nedeljkovic without a rebound.
9:49 of 2nd period - Brock McGinn wins face-off versus Philip Varone in Atomiques zone.
10:00 of 2nd period - Slapshot by Esa Lindell.
10:00 of 2nd period - Deflect By Tanner Pearson.
10:00 of 2nd period - Stopped by Alex Nedeljkovic with a rebound.
10:02 of 2nd period - Slapshot by Tanner Pearson.
10:02 of 2nd period - Shot Misses the Net.
10:04 of 2nd period - Minor Penalty to Wiley Sherman for Tripping.
10:05 of 2nd period - Oscar Sundqvist wins face-off versus Victor Rask in Atomiques zone.
11:25 of 2nd period - Oscar Sundqvist is hit by Jake DeBrusk and loses puck.
12:02 of 2nd period - Cody Goloubef is hit by Bryan Rust and loses puck.
12:04 of 2nd period - Penalty to Wiley Sherman is over, Wiley Sherman is back on ice.
12:23 of 2nd period - Snap shot by Wiley Sherman.
12:23 of 2nd period - Shot Misses the Net.
12:25 of 2nd period - Slapshot by Oliver Kylington.
12:25 of 2nd period - Shot Misses the Net.
12:27 of 2nd period - Slapshot by Brock McGinn.
12:27 of 2nd period - Shot Blocked by Frank Corrado.
12:29 of 2nd period - Snap shot by Brock McGinn.
12:29 of 2nd period - Shot Misses the Net.
12:31 of 2nd period - Slapshot by Cody Goloubef.
12:31 of 2nd period - Shot Blocked by Frank Corrado.
12:35 of 2nd period - Wrist shot by Brock McGinn.
12:35 of 2nd period - Stopped by Michael Hutchinson without a rebound.
12:36 of 2nd period - Bryan Rust wins face-off versus Chase De Leo in Inferno zone.
12:36 of 2nd period - Bryan Rust is hit by Matt Tennyson.
12:39 of 2nd period - Minor Penalty to Philip Varone for Hooking.
12:40 of 2nd period - Ryan Spooner wins face-off versus Michael Chaput in Inferno zone.
12:52 of 2nd period - Slapshot by Matt Tennyson.
12:52 of 2nd period - Stopped by Michael Hutchinson with a rebound.
13:02 of 2nd period - Denis Gurianov is hit by David Savard and loses puck.
13:31 of 2nd period - Wiley Sherman is hit by Chris Brown and loses puck.
14:39 of 2nd period - Penalty to Philip Varone is over, Philip Varone is back on ice.
14:59 of 2nd period - Rasmus Andersson is hit by Kerby Rychel and loses puck.
15:22 of 2nd period - Wiley Sherman is hit by Jake DeBrusk and loses puck.
15:41 of 2nd period - Snap shot by Matthew Nieto.
15:41 of 2nd period - Shot Misses the Net.
16:52 of 2nd period - William Nylander is hit by Rasmus Andersson and loses puck.
17:09 of 2nd period - Slapshot by Rasmus Andersson.
17:09 of 2nd period - Shot Blocked by Nicolas Aube-Kubel.
17:11 of 2nd period - Slapshot by Rasmus Andersson.
17:11 of 2nd period - Stopped by Alex Nedeljkovic with a rebound.
17:15 of 2nd period - Snap shot by Tanner Pearson.
17:15 of 2nd period - Stopped by Alex Nedeljkovic with a rebound.
17:43 of 2nd period - Matt Tennyson is hit by Kevin Labanc and loses puck.
17:58 of 2nd period - Icing by Evgeny Svechnikov.
17:59 of 2nd period - Brock McGinn wins face-off versus Ryan Spooner in Inferno zone.
18:29 of 2nd period - Wrist shot by Ryan Spooner.
18:29 of 2nd period - Stopped by Alex Nedeljkovic with a rebound.
18:31 of 2nd period - Backhand shot by Evgeny Svechnikov.
18:31 of 2nd period - Stopped by Alex Nedeljkovic with a rebound.
19:21 of 2nd period - Snap shot by Ryan Spooner.
19:21 of 2nd period - Shot Blocked by Brock McGinn.
19:23 of 2nd period - Backhand shot by Evgeny Svechnikov.
19:23 of 2nd period - Shot Misses the Net.
19:37 of 2nd period - Slapshot by Dylan Strome.
19:37 of 2nd period - Stopped by Michael Hutchinson without a rebound.
19:38 of 2nd period - Michael Chaput wins face-off versus Philip Varone in Inferno zone.
19:39 of 2nd period - Snap shot by Denis Gurianov.
19:39 of 2nd period - Shot Misses the Net.
19:41 of 2nd period - Slapshot by Wiley Sherman.
19:41 of 2nd period - Deflect By William Nylander.
19:41 of 2nd period - Shot Misses the Net.
19:41 of 2nd period - Puck is out of play.
19:42 of 2nd period - Michael Chaput wins face-off versus Philip Varone in Inferno zone.
19:49 of 2nd period - Slapshot by Michael Chaput.
19:49 of 2nd period - Stopped by Michael Hutchinson with a rebound.
19:51 of 2nd period - Slapshot by Cody Goloubef.
19:51 of 2nd period - Stopped by Michael Hutchinson with a rebound.
19:53 of 2nd period - Slapshot by Wiley Sherman.
19:53 of 2nd period - Shot Blocked by Tanner Pearson.
19:55 of 2nd period - Snap shot by Denis Gurianov.
19:55 of 2nd period - Stopped by Michael Hutchinson with a rebound.
19:57 of 2nd period - Snap shot by Michael Chaput.
19:57 of 2nd period - Goal by Michael Chaput - Atomiques : 2 - Inferno : 2.
19:58 of 2nd period - Philip Varone wins face-off versus Michael Chaput in neutral zone.
Goals for this period are 2 for Atomiques vs 1 for Inferno.
Shots for this period are 11 for Atomiques vs 12 for Inferno.
3rd period
0:01 of 3rd period - Bryan Rust wins face-off versus Oscar Sundqvist in neutral zone.
0:08 of 3rd period - Snap shot by Tanner Pearson.
0:08 of 3rd period - Stopped by Alex Nedeljkovic with a rebound.
0:42 of 3rd period - Minor Penalty to Cody Goloubef for Elbowing.
0:43 of 3rd period - Oscar Sundqvist wins face-off versus Victor Rask in Atomiques zone.
0:50 of 3rd period - Slapshot by Esa Lindell.
0:50 of 3rd period - Stopped by Alex Nedeljkovic with a rebound.
0:52 of 3rd period - Slapshot by Victor Rask.
0:52 of 3rd period - Stopped by Alex Nedeljkovic with a rebound.
0:54 of 3rd period - Slapshot by Victor Rask.
0:54 of 3rd period - Deflect By Tanner Pearson.
0:54 of 3rd period - Shot Misses the Net.
0:54 of 3rd period - Puck is out of play.
0:55 of 3rd period - Tanner Pearson wins face-off versus Oscar Sundqvist in Atomiques zone.
1:36 of 3rd period - Slapshot by Esa Lindell.
1:36 of 3rd period - Shot Blocked by Brendan Guhle.
1:55 of 3rd period - Icing by Ryan Spooner.
1:56 of 3rd period - Oscar Sundqvist wins face-off versus Ryan Spooner in Inferno zone.
2:07 of 3rd period - Slapshot by Greg Pateryn.
2:07 of 3rd period - Deflect By Victor Rask.
2:07 of 3rd period - Shot Blocked by Wiley Sherman.
2:07 of 3rd period - Puck is out of play.
2:08 of 3rd period - Victor Rask wins face-off versus Michael Chaput in Atomiques zone.
2:11 of 3rd period - Snap shot by Tanner Pearson.
2:11 of 3rd period - Deflect By Kevin Labanc.
2:11 of 3rd period - Stopped by Alex Nedeljkovic with a rebound.
2:33 of 3rd period - Jake DeBrusk is hit by Oliver Kylington and loses puck.
2:42 of 3rd period - Penalty to Cody Goloubef is over, Cody Goloubef is back on ice.
2:57 of 3rd period - Slapshot by Wiley Sherman.
2:57 of 3rd period - Deflect By Dylan Strome.
2:57 of 3rd period - Stopped by Michael Hutchinson with a rebound.
2:59 of 3rd period - Slapshot by Wiley Sherman.
2:59 of 3rd period - Stopped by Michael Hutchinson with a rebound.
3:01 of 3rd period - Wrist shot by Dylan Strome.
3:01 of 3rd period - Stopped by Michael Hutchinson without a rebound.
3:02 of 3rd period - Philip Varone wins face-off versus Oscar Sundqvist in Inferno zone.
3:02 of 3rd period - Philip Varone is hit by Brendan Guhle.
3:24 of 3rd period - Minor Penalty to Brock McGinn for Tripping.
3:25 of 3rd period - Oscar Sundqvist wins face-off versus Victor Rask in Atomiques zone.
4:04 of 3rd period - Snap shot by Ryan Spooner.
4:04 of 3rd period - Shot Misses the Net.
4:06 of 3rd period - Slapshot by Ryan Spooner.
4:06 of 3rd period - Shot Misses the Net.
5:24 of 3rd period - Penalty to Brock McGinn is over, Brock McGinn is back on ice.
5:37 of 3rd period - Mathieu Brodeur is hit by Cody Goloubef and loses puck.
5:50 of 3rd period - Chris Brown is hit by Michael Chaput and loses puck.
5:59 of 3rd period - Wrist shot by Peter Cehlarik.
5:59 of 3rd period - Shot Misses the Net.
6:01 of 3rd period - Snap shot by Frank Corrado.
6:01 of 3rd period - Stopped by Alex Nedeljkovic with a rebound.
6:07 of 3rd period - Snap shot by Rasmus Andersson.
6:07 of 3rd period - Shot Blocked by Oliver Kylington.
6:09 of 3rd period - Snap shot by Chris Brown.
6:09 of 3rd period - Stopped by Alex Nedeljkovic with a rebound.
6:11 of 3rd period - Snap shot by Chris Brown.
6:11 of 3rd period - Shot Blocked by Oliver Kylington.
6:13 of 3rd period - Snap shot by Peter Cehlarik.
6:13 of 3rd period - Shot Misses the Net.
6:15 of 3rd period - Slapshot by Frank Corrado.
6:15 of 3rd period - Shot Misses the Net.
6:53 of 3rd period - Oliver Kylington is hit by Peter Cehlarik and loses puck.
7:14 of 3rd period - Snap shot by Barclay Goodrow.
7:14 of 3rd period - Stopped by Alex Nedeljkovic with a rebound.
7:36 of 3rd period - Wrist shot by Michael Chaput.
7:36 of 3rd period - Stopped by Michael Hutchinson with a rebound.
7:40 of 3rd period - Snap shot by Brock McGinn.
7:40 of 3rd period - Stopped by Michael Hutchinson without a rebound.
7:41 of 3rd period - Philip Varone wins face-off versus Dylan Strome in Inferno zone.
10:15 of 3rd period - Kevin Labanc is hit by Oscar Sundqvist and loses puck.
11:06 of 3rd period - Off-side.
11:07 of 3rd period - Victor Rask wins face-off versus Chase De Leo in neutral zone.
11:11 of 3rd period - Off-side.
11:12 of 3rd period - Michael Chaput wins face-off versus Victor Rask in neutral zone.
11:37 of 3rd period - Frank Corrado is hit by Brendan Perlini and loses puck.
11:50 of 3rd period - Slapshot by Frank Corrado.
11:50 of 3rd period - Deflect By Evgeny Svechnikov.
11:50 of 3rd period - Shot Misses the Net.
11:50 of 3rd period - Puck is out of play.
11:51 of 3rd period - Chase De Leo wins face-off versus Ryan Spooner in Atomiques zone.
11:56 of 3rd period - Wrist shot by Wiley Sherman.
11:56 of 3rd period - Shot Blocked by David Savard.
12:44 of 3rd period - Slapshot by Cody Goloubef.
12:44 of 3rd period - Deflect By Kerby Rychel.
12:44 of 3rd period - Stopped by Michael Hutchinson with a rebound.
12:58 of 3rd period - Slapshot by Wiley Sherman.
12:58 of 3rd period - Stopped by Michael Hutchinson with a rebound.
13:14 of 3rd period - Slapshot by Kevin Labanc.
13:14 of 3rd period - Stopped by Alex Nedeljkovic with a rebound.
13:26 of 3rd period - Slapshot by Matthew Nieto.
13:26 of 3rd period - Stopped by Alex Nedeljkovic with a rebound.
13:36 of 3rd period - Backhand shot by Matthew Nieto.
13:36 of 3rd period - Stopped by Alex Nedeljkovic without a rebound.
13:37 of 3rd period - Oscar Sundqvist wins face-off versus Philip Varone in Atomiques zone.
13:48 of 3rd period - Wrist shot by Brock McGinn.
13:48 of 3rd period - Shot Blocked by Bryan Rust.
13:50 of 3rd period - Slapshot by Oliver Kylington.
13:50 of 3rd period - Stopped by Michael Hutchinson without a rebound.
13:51 of 3rd period - Michael Chaput wins face-off versus Philip Varone in Inferno zone.
13:58 of 3rd period - Snap shot by Michael Chaput.
13:58 of 3rd period - Shot Misses the Net.
14:00 of 3rd period - Slapshot by Oliver Kylington.
14:00 of 3rd period - Shot Blocked by David Savard.
14:02 of 3rd period - Slapshot by Michael Chaput.
14:02 of 3rd period - Shot Misses the Net.
14:04 of 3rd period - Slapshot by Oliver Kylington.
14:04 of 3rd period - Shot Misses the Net.
14:06 of 3rd period - Slapshot by Brendan Guhle.
14:06 of 3rd period - Stopped by Michael Hutchinson with a rebound.
14:23 of 3rd period - Slapshot by Oliver Kylington.
14:23 of 3rd period - Shot Misses the Net.
14:47 of 3rd period - Slapshot by Frank Corrado.
14:47 of 3rd period - Shot Blocked by Matt Tennyson.
15:28 of 3rd period - Kevin Labanc is hit by Cody Goloubef and loses puck.
16:16 of 3rd period - Christian Fischer is hit by Bryan Rust and loses puck.
17:21 of 3rd period - Wrist shot by Tanner Pearson.
17:21 of 3rd period - Shot Misses the Net.
17:23 of 3rd period - Wrist shot by Tanner Pearson.
17:23 of 3rd period - Shot Blocked by Kerby Rychel.
17:25 of 3rd period - Snap shot by Philip Varone.
17:25 of 3rd period - Shot Misses the Net.
17:27 of 3rd period - Wrist shot by Philip Varone.
17:27 of 3rd period - Stopped by Alex Nedeljkovic with a rebound.
18:36 of 3rd period - Mathieu Brodeur is hit by Kevin Fiala and loses puck.
19:19 of 3rd period - Dylan Strome is hit by Jake DeBrusk and loses puck.
Goals for this period are 0 for Atomiques vs 0 for Inferno.
Shots for this period are 9 for Atomiques vs 11 for Inferno.
Overtime #1
0:01 of 1st overtime period - Philip Varone wins face-off versus Oscar Sundqvist in neutral zone.
0:32 of 1st overtime period - Esa Lindell is hit by Brock McGinn.
1:10 of 1st overtime period - Oscar Sundqvist is hit by Evgeny Svechnikov and loses puck.
2:11 of 1st overtime period - Slapshot by Victor Rask.
2:11 of 1st overtime period - Shot Blocked by Oliver Kylington.
2:13 of 1st overtime period - Slapshot by Bryan Rust.
2:13 of 1st overtime period - Shot Misses the Net.
2:15 of 1st overtime period - Wrist shot by Bryan Rust.
2:15 of 1st overtime period - Stopped by Alex Nedeljkovic without a rebound.
2:16 of 1st overtime period - Oscar Sundqvist wins face-off versus Philip Varone in Atomiques zone.
4:26 of 1st overtime period - Brock McGinn is hit by Frank Corrado.
Goals for this period are 0 for Atomiques vs 0 for Inferno.
Shots for this period are 0 for Atomiques vs 1 for Inferno.
ShootOut
5:00 of 1st overtime period - Round #1.
5:00 of 1st overtime period - Atomiques, Brock McGinn.
5:00 of 1st overtime period - Wrist shot by Brock McGinn.
5:00 of 1st overtime period - Goal by Brock McGinn.
5:00 of 1st overtime period - Inferno, Tanner Pearson.
5:00 of 1st overtime period - Deke by Tanner Pearson.
5:00 of 1st overtime period - Goal by Tanner Pearson.
5:00 of 1st overtime period - Round #2.
5:00 of 1st overtime period - Atomiques, Oscar Sundqvist.
5:00 of 1st overtime period - Snap shot by Oscar Sundqvist.
5:00 of 1st overtime period - Stopped by Michael Hutchinson.
5:00 of 1st overtime period - Inferno, Jake DeBrusk.
5:00 of 1st overtime period - Snap shot by Jake DeBrusk.
5:00 of 1st overtime period - Goal by Jake DeBrusk.
5:00 of 1st overtime period - Round #3.
5:00 of 1st overtime period - Atomiques, Michael Chaput.
5:00 of 1st overtime period - Wrist shot by Michael Chaput.
5:00 of 1st overtime period - Shot Misses the Net.